 Dungeon Crawl Stone Soup version 0.29.1-15-g9cfb28693d (webtiles) character file.

Game seed: 119181160048586128

3842 hawla the Arsonist (level 10, -2/77 HPs)
             Began as a Meteoran Fire Elementalist on Apr 10, 2023.
             Was an Initiate of Vehumet.
             Slain by a gnoll bouda
             ... wielding a +0 trident
              (9 damage)
             ... in a bailey.
             The game lasted 00:16:10 (4014 turns).

hawla the Arsonist (Meteoran Fire Elementalist)     Turns: 4014, Time: 00:16:11

Health: -2/77      AC:  5    Str: 19    XL:     10   Next: 68%
Magic:  23/34      EV: 14    Int: 21    God:    Vehumet [......]
Gold:   344        SH:  0    Dex: 15    Spells: 22/29 levels left

rFire   . . .      SeeInvis .   u - +6 dagger "Rebrojoc" {vorpal, Drain rElec Will+ Str+3}
rCold   . . .      Faith    .   (no shield)
rNeg    . . .      Spirit   .   a - +0 robe
rPois   .          Reflect  .   t - +0 helmet
rElec   +          Harm     .   d - +0 cloak
rCorr   .          Rampage  .   k - +0 pair of gloves
Will    ++...                   (no boots)
Stlth   +.........              (no amulet)
HPRegen 0.22/turn               e - ring of magical power
MPRegen 0.24/turn               p - +6 ring of strength

@: mighty, weakened, attractive, glowing
A: sense surroundings 2, otherworldly, glowing, explore regen
a: Renounce Religion


You were in a bailey.
You worshipped Vehumet.
Vehumet was noncommittal.
You visited 2 branches of the dungeon, and saw 9 of its levels.
You also visited: Bailey.

You collected 344 gold pieces.

Inventory:

Hand Weapons
 g - a +2 short sword of venom
 m - a +1 short sword of holy wrath
 u - the +6 dagger "Rebrojoc" (weapon) {vorpal, Drain rElec Will+ Str+3}
   (You found it on level 6 of the Dungeon)

   It inflicts extra damage upon your enemies.
   Str:       It affects your strength (+3).
   rElec:     It insulates you from electricity.
   Drain:     It drains your maximum health when unequipped.
   Will:      It increases your willpower.
 v - a +0 long sword
Armour
 a - a +0 robe (worn)
 d - a +0 cloak (worn)
 k - a +0 pair of gloves (worn)
 t - a +0 helmet (worn)
Jewellery
 e - a ring of magical power (left hand)
 j - a +4 ring of protection
 p - a +6 ring of strength (right hand)
 x - an amulet of the acrobat
Wands
 h - a wand of charming (31) (quivered)
 n - a wand of digging (7)
Scrolls
 s - a scroll of poison
 w - a scroll of fear
 y - 3 scrolls of identify
 A - a scroll of enchant armour {unknown}
Potions
 b - a potion of magic
 f - a potion of curing {unknown}
 l - a potion of resistance {unknown}
 o - a potion of might
 q - a potion of flight {unknown}
 r - a potion of ambrosia {unknown}
 z - a potion of cancellation {unknown}


   Skills:
 + Level 3.3 Fighting
 + Level 2.9(3.0) Short Blades
 + Level 0.6(2.1) Long Blades
 + Level 5.5 Dodging
 - Level 1.4 Stealth
 + Level 10.1 Spellcasting
 + Level 6.6 Conjurations
 + Level 10.2 Fire Magic
 + Level 3.0 Evocations


You had 22 spell levels left.
You knew the following spells:

 Your Spells              Type           Power      Damage    Failure   Level
a - Foxfire               Conj/Fire      100%       2x1d9     1%          1
b - Scorch                Fire           100%       2d10      1%          2
c - Flame Wave            Conj/Fire      46%        2d12      1%          4

Your spell library contained the following spells:

 Spells                   Type           Power      Damage    Failure   Level
 Conjure Flame            Conj/Fire      46%        6-21      1%          3
 Inner Flame              Hex/Fire       32%        N/A       2%          3
 Sting                    Tmut/Pois      40%        1d5       6%          1
 Poisonous Vapours        Pois/Air       20%        N/A       10%         2
 Cause Fear               Hex            5%         N/A       54%         4
 Olgreb's Toxic Radiance  Pois           10%        N/A       54%         4
 Discord                  Hex            5%         N/A       100%        8


Dungeon Overview and Level Annotations

Branches:
Dungeon (8/15) Zot: 1066   Temple (1/1) D:7 Zot: 423    Lair (0/5) D:8
 Bailey (1/1) Zot: 485

Altars:
Cheibriados
Dithmenos
Elyvilon
Fedhas
Gozag
Hepliaklqana
Kikubaaqudgha
Makhleb
Nemelex Xobeh
Okawaru
Qazlal
Ru
Sif Muna
Trog
Uskayaw
Vehumet
Wu Jian
Xom
Zin
The Shining One


Innate Abilities, Weirdness & Mutations

You passively map the area around you.
You are easily found by Zot.
You glow in the dark.
You regain HP and MP as you explore.


Message History

The wolf bites you.
A wolf comes into view.
A gnoll sergeant comes into view. It is wielding a +0 glaive.
A wave of flame ripples out!
The flame wave engulfs the wolf!
The wolf is severely wounded.
The flame wave engulfs the gnoll!
You kill the gnoll!
Vehumet accepts your kill.
The flame wave engulfs the gnoll sergeant!
The gnoll sergeant is almost dead.
You hear a shout!
The wolf closely misses you.
The gnoll sergeant hits you from afar with a +0 bardiche!
* * * LOW HITPOINT WARNING * * *
A wave of flame ripples out!
The flame wave engulfs the wolf!
You kill the wolf!
Vehumet accepts your kill.
The flame wave engulfs the gnoll sergeant!
You kill the gnoll sergeant!
Vehumet accepts your kill.
The flame wave engulfs the gnoll sergeant.
The gnoll sergeant is lightly wounded.
You finish channelling waves of flame.
A gnoll bouda comes into view. It is wielding a +0 halberd.
The gnoll bouda gazes fiercely through you!
You feel your attacks grow feeble.
The gnoll bouda moves out of view.
Really quaff the potion of attraction?
You feel attractive to monsters.
The gnoll sergeant hits you from afar with a +0 glaive.
* * * LOW HITPOINT WARNING * * *
The gnoll is attracted toward you.
The gnoll bouda is attracted toward you. x2
Unknown command.
It was a potion of might.
You feel very mighty all of a sudden. The gnoll sergeant barely misses you.
The wolf bites you but does no damage. The gnoll bouda misses you.
The gnoll bouda hits you from afar with a +0 trident!
You die...

♣≈≈≈≈≈≈≈≈≈≈ ~ ≈≈...# * *
≈..### , ## ~ ≈..# *, ,
.## ~ ≈..# , , ..# *
≈..# ##### ,,..# ,~*
≈..# ' ##...## ).# ,≈♣
≈..######.....###)##..≈♣
...'...#.......#@g....≈♣
...)...')..8...'h.....≈♣
.).'...#.......#ggg...≈♣
≈..######.....###§##..≈♣
≈..# ,##...## §.# .≈♣
≈..# *,,,##### ,,..# ≈♣
≈..# , , ,..# ,~♣ ≈..#
.## ≈..### ,, ,,~


You could see a gnoll sergeant (swift), a wolf, 2 gnoll boudas and a gnoll
(swift).

Vanquished Creatures
  A two-headed ogre (D:6)
  Joseph (D:8)
  A hornet (D:8)
  Sigmund (D:3)
  A vampire (D:6)
  A steam dragon (D:8)
  Menkaure (D:4)
  2 orc warriors
  4 black bears
  3 wolves (Bailey)
  A bullfrog (D:7)
  4 gnoll sergeants
  A necrophage (D:4)
  2 scorpions
  5 wights (D:7)
  3 jellies
  5 hounds
  3 gnoll boudas
  An orc wizard (D:6)
  Robin (D:4)
  18 gnolls
  3 adders
  2 shadow imps (D:7)
  3 white imps
  2 ufetubi
  2 worms
  2 dart slugs
  5 orcs
  7 ball pythons
  5 endoplasms
  5 giant cockroaches
  4 goblins
  7 hobgoblins
  3 jackals (D:4)
  A quokka (D:4)
  2 bats
  A frilled lizard (D:3)
  8 kobolds
  2 rats (D:3)
124 creatures vanquished.

Vanquished Creatures (others)
  99 foxfires
99 creatures vanquished.

Grand Total: 223 creatures vanquished

Notes
Turn   | Place    | Note
-------+----------+-------------------------------------------
     0 | D:1      | hawla the Meteoran Fire Elementalist began the quest for
                  | the Orb.
     0 | D:1      | Reached XP level 1. HP: 14/14 MP: 5/5
   172 | D:2      | Reached XP level 2. HP: 19/20 MP: 3/6
   178 | D:2      | Learned a level 2 spell: Scorch
   355 | D:3      | Reached XP level 3. HP: 17/26 MP: 8/8
   367 | D:3      | Reached XP level 4. HP: 23/33 MP: 8/10
   391 | D:3      | Learned a level 4 spell: Flame Wave
   581 | D:3      | Noticed Sigmund
   588 | D:3      | Killed Sigmund
   589 | D:3      | Reached skill level 5 in Fire Magic
   589 | D:3      | Reached XP level 5. HP: 38/38 MP: 11/11
   589 | D:3      | Reached XP level 6. HP: 45/45 MP: 11/12
   607 | D:4      | Found an opulent altar of Gozag.
   746 | D:4      | Noticed Menkaure
   746 | D:4      | Noticed Robin
   758 | D:4      | Killed Menkaure
   758 | D:4      | Killed Robin
   759 | D:4      | Reached skill level 5 in Conjurations
   759 | D:4      | Reached XP level 7. HP: 22/51 MP: 8/14
   934 | D:4      | Found an ancient bone altar of Kikubaaqudgha.
  1238 | D:4      | Reached skill level 1 in Fighting
  1238 | D:4      | Reached skill level 5 in Spellcasting
  1245 | D:4      | Reached XP level 8. HP: 30/59 MP: 16/16
  1595 | D:5      | Entered Level 5 of the Dungeon
  1763 | D:5      | Reached skill level 1 in Short Blades
  2346 | D:6      | Noticed a vampire
  2376 | D:6      | Found a stormy altar of Qazlal.
  2425 | D:6      | Found a sacrificial altar of Ru.
  2425 | D:6      | Found a glowing silver altar of Zin.
  2480 | D:6      | Identified the +6 dagger "Rebrojoc" {vorpal, Drain rElec
                  | Will+ Str+3}
  2522 | D:6      | Killed a vampire
  2523 | D:6      | Gained mutation: You passively map the area around you.
                  | [Meteoran growth]
  2523 | D:6      | Reached XP level 9. HP: 47/67 MP: 18/20
  2613 | D:6      | Found a glowing golden altar of the Shining One.
  2643 | D:6      | Found a snail-covered altar of Cheibriados.
  2663 | D:6      | Noticed a two-headed ogre
  2670 | D:6      | Killed a two-headed ogre
  2671 | D:6      | Reached skill level 5 in Dodging
  2680 | D:6      | Reached skill level 1 in Evocations
  3176 | D:7      | Reached XP level 10. HP: 75/75 MP: 23/23
  3360 | D:7      | Found a staircase to the Ecumenical Temple.
  3524 | D:7      | Found a shimmering blue altar of Sif Muna.
  3643 | Temple   | Entered the Ecumenical Temple
  3845 | D:8      | Found a radiant altar of Vehumet.
  3855 | D:8      | Became a worshipper of Vehumet
  3859 | D:8      | Found a flagged portal.
  3861 | D:8      | Noticed Joseph
  3876 | D:8      | Killed Joseph
  3900 | Bailey   | Entered a bailey
  3987 | Bailey   | Reached skill level 10 in Fire Magic
  4010 | Bailey   | Reached skill level 10 in Spellcasting
  4014 | Bailey   | Slain by a gnoll bouda

Illustrated notes

Levels and vault maps discovered:
D:1:      noname_arrival_rooms_in_the_neighbourhood, layout_basic
D:2:      kennysheep_big_flooded_room, layout_basic, uniq_terence
D:3:      layout_rooms, uniq_sigmund
D:4:      minmay_chambers_of_fours, layout_loops_ring,
          nicolae_gozag_cash_rules_everything_around_me, kennysheep_mini_moat,
          kennysheep_dice, uniq_menkaure, uniq_robin
D:5:      layout_basic, corexii_hall_statues_i, nicolae_kite_square_tiling_tiny,
          nicolae_underground_beach
D:6:      layout_loops_ring, cheibriados_altar_1, tso_oasis_becter,
          gammafunk_temple_overflow_elements, grunt_qazlal_sundering
D:7:      layout_basic, led_sif_pool, temple_pool_b
D:8:      layout_loops_ring, vehumet_crystals, nicolae_ashenzari_panopticon,
          erik_lair_orcish_takeover, enter_bailey_2, uniq_joseph
Temple:   nicolae_temple_bog_church
Bailey:   bailey_polearm_gnolls_kennysheep, bailey

Skill      XL: |  1  2  3  4  5  6  7  8  9 10 |
---------------+-------------------------------+-----
Fire Magic     | 4 5 6 7 8 10 | 10.2
Spellcasting   | 3 4 5 6 8 10 | 10.1
Conjurations   | 4 5 6 |  6.6
Dodging        | 3 4 5 |  5.5
Fighting       | 1 2 3 |  3.3
Short Blades   | 1 2 |  2.9
Evocations     | 3 |  3.0
Long Blades    | |  0.6
Stealth        | |  1.4

Action                   |  1- 3 |  4- 6 |  7- 9 | 10-12 || total
-------------------------+-------+-------+-------+-------++-------
Melee: Unarmed           |     7 |     3 |       |       ||    10
       Short sword       |       |       |    70 |       ||    70
       Long sword        |       |       |     4 |       ||     4
       Dagger            |       |       |    17 |    21 ||    38
 Cast: Foxfire           |    22 |    17 |    16 |     9 ||    64
       Scorch            |     4 |    10 |    31 |    27 ||    72
       Flame Wave        |       |     3 |    10 |     7 ||    20
  Use: Scroll            |       |     4 |     6 |     2 ||    12
       Potion            |       |       |     1 |     3 ||     4
Armor: Robe              |     5 |     5 |    38 |     6 ||    54
Dodge: Dodged            |     6 |    14 |    72 |    38 ||   130
